 Dungeon Crawl Stone Soup version 0.29.1-2-gbd0b4ee654 (webtiles) character file.

Game seed: 13157327862550554870

126990 Lutefisk the Spry (level 18, -1/138 HPs)
             Began as a Meteoran Earth Elementalist on Oct 29, 2022.
             Was a High Priest of Hepliaklqana.
             Slain by a tarantella (5 damage)
             ... led by a broodmother
             ... on level 4 of the Spider Nest.
             The game lasted 02:11:42 (8792 turns).

Lutefisk the Spry (Meteoran Earth Elementalist)     Turns: 8792, Time: 02:11:43

Health: -1/138     AC: 15    Str: 10    XL:     18   Next: 17%
Magic:  17/38      EV: 16    Int: 21    God:    Hepliaklqana [*****.]
Gold:   994        SH:  0    Dex: 24    Spells: 18/47 levels left

rFire   + . .      SeeInvis +   N - +5 short sword (drain)
rCold   x . .      Faith    .   Y - +2 buckler {AC+3}
rNeg    . . .      Spirit   .   O - +0 ring mail {rPois}
rPois   +          Reflect  +   G - +1 hat {SInv}
rElec   +          Harm     .   v - +0 cloak
rCorr   +          Rampage  .   c - +1 pair of gloves
Will    +++..                   (no boots)
Stlth   +.........              P - amulet of reflection
HPRegen 0.33/turn               S - +4 ring of evasion
MPRegen 0.26/turn               Q - ring "Wiuliuhe" {Fire rElec Will+ rCorr Dex+4}

@: held, hasted and slowed, glowing
A: reduced essence, sense surroundings 3, otherworldly, glowing, explore regen
a: Renounce Religion, Recall Ancestor, Ancestor Identity, Transference, Idealise


You were on level 4 of the Spider Nest.
You worshipped Hepliaklqana.
Hepliaklqana was extremely pleased with you.
You visited 4 branches of the dungeon, and saw 23 of its levels.
You also visited: Sewer, Ossuary, Bailey, Ice Cave and Volcano.

You collected 2320 gold pieces.
You spent 1326 gold pieces at shops.

Inventory:

Hand Weapons
 N - a +5 short sword of draining (weapon)
 R - a +2 demon trident of flaming
Missiles
 T - a curare-tipped dart (quivered)
Armour
 c - a +1 pair of gloves (worn)
 r - the +1 helmet of the Skies Above {rN+}
   (You found it on level 5 of the Dungeon)

   rN:        It protects you from negative energy.
 v - a +0 cloak (worn)
 G - a +1 hat of see invisible (worn)
 H - a +3 ring mail of fire resistance
 J - a +0 tower shield of cold resistance
 O - a +0 ring mail of poison resistance (worn)
 Y - a +2 buckler of protection (worn)
Magical Staves
 F - a staff of air
 M - a staff of conjuration
Jewellery
 l - a +6 ring of intelligence
 x - a ring of protection from fire
 y - a ring of ice
 P - an amulet of reflection (around neck)
 Q - the ring "Wiuliuhe" (right hand) {Fire rElec Will+ rCorr Dex+4}
   (You found it on level 7 of the Dungeon)

   [ring of fire]

   It enhances your fire magic.
   Dex:       It affects your dexterity (+4).
   rF:        It protects you from fire.
   rC:        It makes you vulnerable to cold.
   rElec:     It insulates you from electricity.
   rCorr:     It protects you from acid and corrosion.
   Will:      It increases your willpower.
 S - a +4 ring of evasion (left hand)
 U - a ring of wizardry
Wands
 t - a wand of roots (7)
 B - a wand of acid (2)
 I - a wand of mindburst (5)
 L - a wand of charming (24)
Scrolls
 a - 2 scrolls of immolation
 f - 14 scrolls of teleportation
 i - 5 scrolls of amnesia
 j - 3 scrolls of vulnerability
 k - 4 scrolls of enchant weapon
 n - 5 scrolls of blinking
 q - 4 scrolls of poison
 s - 2 scrolls of fog
 u - 2 scrolls of brand weapon
 D - 4 scrolls of enchant armour
 K - 3 scrolls of summoning
 X - a scroll of fear
Potions
 b - 6 potions of magic
 d - 8 potions of curing
 g - 7 potions of flight
 h - 3 potions of cancellation
 m - 4 potions of lignification
 p - 2 potions of haste
 w - a potion of resistance
 z - 4 potions of heal wounds
 C - 3 potions of mutation
 E - 2 potions of might
 V - 2 potions of berserk rage
 W - 3 potions of brilliance
 Z - 3 potions of attraction
Miscellaneous
 e - a phantom mirror
 o - a lightning rod (4/4)
 A - a box of beasts (inert)


   Skills:
 - Level 12.0 Fighting
 - Level 12.0 Armour
 - Level 19.0 Dodging
 - Level 1.4 Stealth
 - Level 12.0 Shields
 * Level 15.3 Spellcasting
 - Level 5.0 Conjurations
 - Level 5.0 Transmutations
 * Level 17.8 Earth Magic
 - Level 4.0 Invocations
 - Level 6.0 Evocations


You had 18 spell levels left.
You knew the following spells:

 Your Spells              Type           Power      Damage    Failure   Level
a - Sandblast             Erth           100%       2d20      0%          1
b - Passwall              Tmut/Erth      49%        N/A       1%          2
c - Stone Arrow           Conj/Erth      100%       3d13      1%          3
d - Lee's Rapid Deconstr  Erth           37%        3d19*     1%          5
e - Petrify               Tmut/Erth      59%        N/A       1%          4
f - Statue Form           Tmut/Erth      39%        N/A       13%         6
g - Blink                 Tloc           32%        N/A       14%         2
h - Iron Shot             Conj/Erth      29%        9d6       13%         6

Your spell library contained the following spells:

 Spells                   Type           Power      Damage    Failure   Level
 Beastly Appendage        Tmut           74%        N/A       1%          1
 Wereblood                Tmut           37%        N/A       1%          2
 Animate Armour           Summ/Erth      100%       N/A       2%          4
 Leda's Liquefaction      Hex/Erth       26%        N/A       2%          4
 Shock                    Conj/Air       100%       1d9       3%          1
 Necrotise                Necr           64%        1d7       10%         1
 Summon Small Mammal      Summ           64%        N/A       10%         1
 Conjure Flame            Conj/Fire      39%        6-21      10%         3
 Spider Form              Tmut/Pois      26%        N/A       10%         3
 Poisonous Vapours        Pois/Air       32%        N/A       14%         2
 Sublimation of Blood     Necr           16%        N/A       14%         2
 Ignite Poison            Fire/Tmut/Pois 34%        N/A       14%         3
 Call Canine Familiar     Summ           16%        N/A       28%         3
 Ozocubu's Armour         Ice            16%        N/A       28%         3
 Summon Guardian Golem    Hex/Summ       16%        N/A       28%         3
 Swiftness                Air            16%        N/A       28%         3
 Vampiric Draining        Necr           16%        2d7       28%         3
 Flame Wave               Conj/Fire      39%        2d11      32%         4
 Iskenderun's Mystic Bla  Conj/Tloc      26%        2d7       32%         4
 Sticky Flame             Conj/Fire      39%        2d6       32%         4
 Blade Hands              Tmut           18%        N/A       32%         5
 Irradiate                Conj/Tmut      18%        3d17      32%         5
 Airstrike                Air            8%         2d(2-18)  67%         4
 Alistair's Intoxication  Tmut/Pois      17%        N/A       67%         5
 Lightning Bolt           Conj/Air       13%        1d26      67%         5
 Agony                    Necr           16%        N/A       95%         5
 Manifold Assault         Tloc           16%        N/A       95%         5
 Metabolic Englaciation   Hex/Ice        8%         N/A       95%         5
 Summon Forest            Summ/Tloc      8%         N/A       95%         5
 Summon Mana Viper        Hex/Summ       16%        N/A       95%         5
 Simulacrum               Ice/Necr       8%         N/A       100%        6
 Summon Cactus Giant      Summ           8%         N/A       100%        6
 Storm Form               Tmut/Air       13%        N/A       100%        7


Dungeon Overview and Level Annotations

Branches:
Dungeon (13/15) Zot: 2859  Temple (0/1) D:4            Lair (5/5) D:10 Zot: 1063
  Swamp (0/4) Lair:3       Spider (4/4) Lair:3 Zot: 1270   Slime (0/5) Lair:4
    Orc (1/2) D:11 Zot: 594  Vaults (0/5) D:13          Sewer (visited)
Ossuary (visited)          Bailey (visited)           IceCv (visited)
Volcano (visited)

Altars:
Ashenzari
Cheibriados
Elyvilon
Gozag
Hepliaklqana
Makhleb
Nemelex Xobeh
Okawaru
Qazlal
Ru
Uskayaw
Wu Jian
Xom
Yredelemnul
Zin
The Shining One
Jiyva

Shops:
D:4 ?   D:5 :   D:6 (

Annotations:
D:10 1 runed translucent door, Rudyous's ghost, novice MiFi
Spider:2 2 transporters, 0gre's ghost, journeyman GnIE


Innate Abilities, Weirdness & Mutations

Your life essence is reduced to manifest your ancestor. (-10% HP)
You passively map a large area around you.
You are easily found by Zot.
You glow in the dark.
You regain HP and MP as you explore.


Message History

The wall shatters!
The blast of rock fragments hits the tarantella.
The tarantella is lightly wounded.
The blast of rock fragments hits the broodmother!!
The broodmother is severely wounded.
The blast of rock fragments hits the torpor snail!
The torpor snail is heavily wounded.
You hear an angry buzzing noise.
You hear a skittering sound.
You hear a faint skittering sound.
You hear a skittering sound.
You block the tarantella's attack. x2; You block the wolf spider's attack.
The wolf spider misses you. The redback completely misses you.
A redback comes into view.
The tarantella completely misses you. The broodmother bites you!!
The broodmother is healed somewhat.
The jumping spider pounces on you!
You are caught in a web!
The jumping spider closely misses you. The tarantella touches you.
* * * LOW HITPOINT WARNING * * *
You are confused.
The tarantella touches you but does no damage.
The wolf spider hits you!
* * * LOW HITPOINT WARNING * * *
The wolf spider misses you.
The redback bites you but does no damage.
You are too confused!
You feel better. The tarantella completely misses you.
The jumping spider pounces on you!
* * * LOW HITPOINT WARNING * * *
You are even more entangled.
The jumping spider closely misses you. The wolf spider hits you.
* * * LOW HITPOINT WARNING * * *
The wolf spider bites you but does no damage.
The broodmother summons spiders!
The tarantella closely misses you. x2
The wolf spider hits you!
* * * LOW HITPOINT WARNING * * *
The wolf spider bites you.
* * * LOW HITPOINT WARNING * * *
The redback bites you.
* * * LOW HITPOINT WARNING * * *
The tarantella touches you.
You die...

^, ,^ ##....).^#,, *
^, #.^..^...# * ~,
#^.....^^# , ~* ,
#..s...~#*^ , , *
#~....~^# ~ ,
#^..†.~## , * , ,
#s#s#..#^ , , * ,
*##sssss## , ^
#^s@sw~###, ,
#^sss.^#.## ,
#^....^#^.### ,
#~..^.^#..^.#####
#......#......^^# ~ ,
#^.....#~.....^^# ^,
..^#......#^^.....#*
...~^^.^..^s.......#
^......^.....^^....^#


You could see a broodmother, a torpor snail, 2 wolf spiders, a culicivora, 4
jumping spiders, 4 tarantellas and 2 redbacks.

Vanquished Creatures
  Kirke (D:12)
  An entropy weaver (Spider:3)
  Nessos (D:13)
  A dire elephant (Lair:5)
  Azrael (D:12)
  3 boulder beetles
  5 hydras
  A two-headed ogre (D:11)
  Erica (D:10)
  4 centaur warriors
  An alligator (Lair:5)
  A radroach (Spider:2)
  2 death yaks (D:10)
  A skeletal warrior (D:13)
  A pharaoh ant (Spider:1)
  A steelbarb worm (Spider:2)
  6 orb spiders
  2 bog bodies (IceCv)
  Pikel (D:5)
  A lindwurm (Lair:5)
  2 orc knights
  2 manticores (Lair:5)
  8 wolf spiders
  An orc sorcerer (D:11)
  A cyclops (D:13)
  2 elephants (Lair:5)
  4 moths of wrath
  Maurice (D:10)
  4 torpor snails
  An ice statue (IceCv)
  2 black mambas (Lair:5)
  8 cane toads
  A gargoyle (D:12)
  2 centaur skeletons (D:13)
  2 kobold demonologists
  3 rime drakes (Lair:5)
  A freezing wraith (IceCv)
  5 komodo dragons
  An efreet (D:13)
  5 yaktaurs
  4 demonic crawlers
  An ice devil (D:13)
  7 trolls
  A tyrant leech (Lair:3)
  11 tarantellas
  4 polar bears (Lair:5)
  8 blink frogs
  A raiju (Lair:5)
  12 dream sheep
  13 jumping spiders
  A shadow (D:12)
  53 yaks
  16 culicivoras
  2 wraiths
  2 basilisks
  3 wyverns
  3 fire bats (Lair:1)
  4 hogs (D:12)
  A steam dragon (D:8)
  A fire elemental (D:12)
  37 redbacks
  6 vampire mosquitoes
  2 wargs
  2 swamp worms (Lair:3)
  An acid dragon (D:10)
  Edmund (D:7)
  6 water moccasins
  Duvessa (D:6)
  9 hell hounds
  10 orc warriors
  2 sky beasts (D:8)
  8 black bears
  5 centaurs
  An ogre (D:11)
  19 wolves
  A lemure (D:5)
  3 kobold brigands
  A necrophage (D:4)
  A scorpion (D:7)
  A bullfrog (D:8)
  2 cane toad simulacra (IceCv)
  2 two-headed ogre simulacra (IceCv)
  A battlemage (D:13)
  Dowan (D:6)
  A wight (D:8)
  4 elephant simulacra (IceCv)
  9 killer bees
  A howler monkey (D:11)
  3 electric eels
  3 centaur zombies (Ossuary)
  A jelly (D:6)
  2 orc priests
  4 iguanas
  5 orc wizards
  3 troll simulacra (IceCv)
  3 polar bear simulacra (IceCv)
  A spriggan simulacrum (IceCv)
  2 wolf simulacra (IceCv)
  2 hound zombies (Ossuary)
  2 mummies (Ossuary)
  6 gnolls
  9 adders
  10 naga simulacra (IceCv)
  A river rat (Sewer)
  5 white imps
  3 ufetubi
  4 adder zombies (Ossuary)
  39 orcs
  7 bats
  4 endoplasms
  2 giant cockroaches
  A gnoll zombie (Ossuary)
  9 goblins
  6 hobgoblins
  2 jackals (Sewer)
  7 kobolds
  6 quokkas
  11 ball pythons
  5 frilled lizards
  2 hobgoblin zombies (Ossuary)
  7 jackal zombies (Ossuary)
  2 kobold zombies (Ossuary)
  2 quokka zombies (Ossuary)
  2 rats
  A toadstool (D:10)
562 creatures vanquished.

Vanquished Creatures (collateral kills)
  4 emperor scorpions
  A ghost moth (Spider:4)
  An entropy weaver (Spider:4)
  Fannar (Lair:2)
  3 hydras (Lair:5)
  2 catoblepae (Lair:5)
  A boulder beetle (D:11)
  A radroach (Spider:3)
  3 two-headed ogres
  A death yak (D:10)
  A tengu warrior (D:13)
  An orc high priest (Bailey)
  A hell knight (Volcano)
  Sonja (D:10)
  A pharaoh ant (Spider:3)
  4 steelbarb worms
  7 wolf spiders
  A cyclops (D:12)
  2 moths of wrath
  2 black mambas (Lair:5)
  An elephant (Lair:5)
  2 torpor snails (Spider:4)
  2 centaur skeletons (D:13)
  7 cane toads
  A demonic crawler (Spider:3)
  6 komodo dragons
  3 rime drakes
  An ice devil (D:13)
  6 polar bears
  5 tarantellas
  3 slime creatures (D:13)
  14 blink frogs
  A meliai zombie (D:12)
  3 raiju (Lair:5)
  5 dream sheep (Lair:5)
  5 jumping spiders
  Sigmund (D:7)
  7 culicivoras
  3 wyverns
  A wraith (D:9)
  A basilisk (shapeshifter) (D:13)
  25 yaks
  2 fire elementals (D:12)
  Grum (D:8)
  A steam dragon (D:9)
  17 redbacks
  3 vampire mosquitoes
  3 wargs (Lair:5)
  6 hell hounds (Lair:5)
  3 orc warriors (Bailey)
  5 water moccasins
  7 black bears (Lair:5)
  9 wolves
  2 bullfrogs
  A two-headed ogre simulacrum (IceCv)
  A wight (D:8)
  An elephant simulacrum (IceCv)
  A killer bee (D:9)
  5 howler monkeys
  3 electric eels (Bailey)
  2 centaur zombies
  3 jellies
  A hound (D:5)
  A gnoll bouda (D:8)
  6 iguanas (Lair:4)
  2 orc wizards
  2 troll simulacra (IceCv)
  A polar bear simulacrum (IceCv)
  A mummy (Ossuary)
  2 white imps
  5 ufetubi (IceCv)
  2 adder zombies (Ossuary)
  11 orcs
  3 endoplasms (Lair:4)
  6 goblins (Bailey)
  3 hobgoblins (Bailey)
  A quokka (D:5)
  8 frilled lizards (Lair:4)
  A hobgoblin zombie (Ossuary)
  A jackal zombie (Ossuary)
  3 kobolds
  2 orc zombies (Ossuary)
  3 quokka zombies (Ossuary)
283 creatures vanquished.

Vanquished Creatures (others)
  Arachne (Spider:3)
  An entropy weaver (Spider:4)
  A tarantella (Spider:3)
  A redback (Spider:2)
  21 battlemagi
  2 orcs
  28 fungi
  98 plants
  2 toadstools (D:10)
  2 withered plants (D:10)
157 creatures vanquished.

Grand Total: 1002 creatures vanquished

Notes
Turn   | Place    | Note
-------+----------+-------------------------------------------
     0 | D:1      | Lutefisk the Meteoran Earth Elementalist began the quest
                  | for the Orb.
     0 | D:1      | Reached XP level 1. HP: 14/14 MP: 5/5
    95 | D:1      | Reached XP level 2. HP: 22/22 MP: 4/6
   146 | D:1      | Reached skill level 1 in Fighting
   283 | D:2      | Found a hide-covered altar of Uskayaw.
   347 | D:1      | Reached XP level 3. HP: 29/29 MP: 4/8
   374 | D:1      | Found a faded altar of an unknown god.
   423 | D:1      | Learned a level 2 spell: Passwall
   644 | D:3      | Reached XP level 4. HP: 38/38 MP: 2/9
   736 | D:4      | Reached skill level 1 in Armour
   770 | D:4      | Found a glowing drain.
   789 | Sewer    | Entered a sewer
   807 | Sewer    | Learned a level 3 spell: Stone Arrow
   822 | Sewer    | Noticed a kobold brigand
   842 | Sewer    | Killed a kobold brigand
   843 | Sewer    | Reached XP level 5. HP: 26/45 MP: 6/11
   869 | Sewer    | Found a glowing silver altar of Zin.
   942 | D:3      | Reached XP level 6. HP: 51/51 MP: 9/12
   960 | D:3      | Found a shimmering altar of Xom.
  1010 | D:3      | Found a glowing silver altar of Zin.
  1020 | D:3      | Found a hazy altar of Hepliaklqana.
  1026 | D:3      | Became a worshipper of Hepliaklqana the Forgotten
  1150 | D:3      | Found an iron altar of Okawaru.
  1201 | D:4      | Found Reshrih's Magic Scroll Shoppe.
  1203 | D:4      | Reached skill level 5 in Earth Magic
  1226 | D:4      | Bought a scroll of identify for 22 gold pieces
  1226 | D:4      | Bought a scroll of identify for 22 gold pieces
  1226 | D:4      | Bought a scroll of enchant armour for 82 gold pieces
  1233 | D:4      | Found a staircase to the Ecumenical Temple.
  1248 | D:4      | Reached XP level 7. HP: 58/59 MP: 4/14
  1351 | D:4      | Found a snail-covered altar of Cheibriados.
  1399 | D:5      | Entered Level 5 of the Dungeon
  1460 | D:5      | Found Nyguupoy's Self-Improvement Boutique.
  1478 | D:5      | Noticed Pikel
  1492 | D:5      | Killed Pikel
  1493 | D:5      | Reached skill level 3 in Dodging
  1493 | D:5      | Reached skill level 1 in Invocations
  1493 | D:5      | Reached XP level 8. HP: 56/67 MP: 1/16
  1511 | D:5      | Reached * piety under Hepliaklqana
  1529 | D:5      | Reached skill level 5 in Spellcasting
  1531 | D:5      | Reached skill level 5 in Fighting
  1669 | D:6      | Noticed Dowan
  1677 | D:6      | Killed Dowan
  1734 | D:6      | Found Ujaelu's Weapon Boutique.
  1755 | D:6      | Found a glowing golden altar of the Shining One.
  1756 | D:6      | Found an opulent altar of Gozag.
  1766 | D:6      | Reached skill level 4 in Dodging
  1766 | D:6      | Gained mutation: You passively map the area around you.
                  | [Meteoran growth]
  1766 | D:6      | Reached XP level 9. HP: 66/66 MP: 10/17
  1767 | D:6      | Found a burning altar of Makhleb.
  1767 | D:6      | Found a white marble altar of Elyvilon.
  1767 | D:6      | Found a sacrificial altar of Ru.
  1769 | D:6      | Found a broken altar of Ashenzari.
  1770 | D:6      | Found an ornate altar of the Wu Jian Council.
  1829 | D:6      | Found a sand-covered staircase.
  1833 | Ossuary  | Entered an ossuary
  2032 | Ossuary  | Learned a level 5 spell: Lee's Rapid Deconstruction
  2037 | Ossuary  | Learned a level 4 spell: Petrify
  2072 | D:6      | Got the Guide on the Salvo
  2147 | D:5      | Found a sparkling altar of Nemelex Xobeh.
  2217 | D:5      | Identified the +1 helmet of the Skies Above {rN+}
  2226 | D:6      | Noticed Duvessa
  2232 | D:6      | Killed Duvessa
  2300 | D:7      | Reached ** piety under Hepliaklqana
  2301 | D:7      | Remembered your ancestor Ingiyab as a battlemage
  2326 | D:7      | Reached skill level 1 in Shields
  2358 | D:7      | Identified the ring "Wiuliuhe" {Fire rElec Will+ rCorr
                  | Dex+4}
  2414 | D:7      | Noticed Edmund
  2418 | D:7      | Killed Edmund
  2419 | D:7      | Reached skill level 5 in Armour
  2419 | D:7      | Reached skill level 5 in Dodging
  2419 | D:7      | Noticed Sigmund
  2427 | D:7      | Killed Sigmund
  2454 | D:7      | Reached XP level 10. HP: 74/74 MP: 9/18
  2671 | D:8      | Reached skill level 5 in Shields
  2671 | D:8      | Reached skill level 10 in Earth Magic
  2838 | D:8      | Noticed Grum
  2843 | D:8      | Killed Grum
  2990 | D:9      | Noticed a two-headed ogre
  2995 | D:9      | Killed a two-headed ogre
  2996 | D:9      | Reached XP level 11. HP: 80/80 MP: 9/22
  3061 | D:9      | Reached *** piety under Hepliaklqana
  3152 | D:9      | Reached skill level 6 in Dodging
  3328 | D:9      | Found a stormy altar of Qazlal.
  3367 | D:10     | Entered Level 10 of the Dungeon
  3374 | D:10     | Noticed Sonja
  3377 | D:10     | Killed Sonja
  3378 | D:10     | Reached skill level 7 in Dodging
  3385 | D:10     | Found a runed translucent door.
  3387 | D:10     | Noticed Rudyous's ghost (novice MiFi)
  3432 | D:10     | Noticed Maurice
  3436 | D:10     | Killed Maurice
  3459 | D:10     | Found a flagged portal.
  3482 | D:10     | Reached XP level 12. HP: 67/90 MP: 4/23
  3510 | D:10     | Noticed Erica
  3515 | D:10     | Reached skill level 8 in Dodging
  3515 | D:10     | Killed Erica
  3536 | Bailey   | Entered a bailey
  3571 | Bailey   | Noticed an orc knight
  3581 | Bailey   | Killed an orc knight
  3677 | Bailey   | Noticed an orc high priest
  3686 | Bailey   | Reached skill level 5 in Evocations
  3764 | Bailey   | Found an iron altar of Okawaru.
  3780 | Bailey   | Killed an orc high priest
  3851 | Bailey   | Acquired 639 gold pieces
  3862 | Bailey   | Learned a level 6 spell: Statue Form
  3894 | D:10     | Noticed a death yak
  3898 | D:10     | Noticed a death yak
  3902 | D:10     | Killed a death yak
  3908 | D:10     | Noticed a death yak
  3918 | D:10     | Killed a death yak
  3927 | D:10     | Killed a death yak
  3928 | D:10     | Reached skill level 5 in Transmutations
  3945 | D:10     | Found a staircase to the Lair.
  3946 | D:10     | Noticed a two-headed ogre
  3950 | D:10     | Killed a two-headed ogre
  3951 | D:10     | Reached XP level 13. HP: 66/96 MP: 13/27
  3965 | D:10     | Reached **** piety under Hepliaklqana
  4133 | D:11     | Noticed a two-headed ogre
  4137 | D:11     | Killed a two-headed ogre
  4156 | D:11     | Found a staircase to the Orcish Mines.
  4165 | D:11     | Reached skill level 10 in Spellcasting
  4251 | D:11     | Noticed a two-headed ogre
  4254 | D:11     | Killed a two-headed ogre
  4287 | D:11     | Noticed a boulder beetle
  4296 | D:11     | Killed a boulder beetle
  4416 | D:11     | Noticed a boulder beetle
  4428 | D:11     | Killed a boulder beetle
  4429 | D:11     | Reached skill level 10 in Fighting
  4462 | D:11     | Noticed a seven-headed hydra
  4467 | D:11     | Killed a seven-headed hydra
  4486 | Orc:1    | Entered Level 1 of the Orcish Mines
  4486 | Orc:1    | Noticed an orc warlord
  4523 | D:12     | Reached ***** piety under Hepliaklqana
  4613 | D:12     | Noticed Azrael
  4620 | D:12     | Reached skill level 9 in Dodging
  4623 | D:12     | Killed Azrael
  4653 | D:12     | Noticed a centaur warrior
  4661 | D:12     | Killed a centaur warrior
  4671 | D:12     | Noticed a five-headed hydra
  4681 | D:12     | Killed a five-headed hydra
  4739 | D:12     | Found a basalt altar of Yredelemnul.
  4781 | D:12     | Noticed an eight-headed hydra
  4785 | D:12     | Killed an eight-headed hydra
  4797 | D:12     | Reached XP level 14. HP: 91/108 MP: 23/29
  4799 | D:12     | Noticed Kirke
  4805 | D:12     | Killed Kirke
  4806 | D:12     | Reached skill level 10 in Armour
  4806 | D:12     | Reached skill level 10 in Dodging
  4806 | D:12     | Reached skill level 10 in Shields
  4984 | D:13     | Noticed Nessos
  4990 | D:13     | Killed Nessos
  5047 | D:13     | Reached skill level 15 in Earth Magic
  5098 | D:13     | Found a gate to the Vaults.
  5173 | D:13     | Found a frozen archway.
  5186 | IceCv    | Entered an ice cave
  5214 | IceCv    | Reached skill level 1 in Conjurations
  5508 | IceCv    | Learned a level 2 spell: Blink
  5676 | D:5      | Bought a manual of Dodging for 1200 gold pieces
  5796 | Lair:1   | Entered Level 1 of the Lair of Beasts
  6057 | Lair:3   | Found a staircase to the Swamp.
  6085 | Lair:3   | Reached skill level 11 in Dodging
  6092 | Lair:3   | Reached XP level 15. HP: 113/113 MP: 14/32
  6180 | Lair:1   | Reached skill level 12 in Dodging
  6229 | Lair:1   | Reached skill level 13 in Dodging
  6278 | Lair:1   | Found a dark tunnel.
  6293 | Volcano  | Entered a volcano
  6402 | Volcano  | Reached skill level 14 in Dodging
  6424 | Volcano  | Learned a level 6 spell: Iron Shot
  6485 | Lair:2   | Noticed Fannar
  6490 | Lair:2   | Killed Fannar
  6526 | Lair:2   | Reached skill level 5 in Conjurations
  6582 | Lair:3   | Reached skill level 15 in Dodging
  6634 | Lair:3   | Reached ****** piety under Hepliaklqana
  6652 | Lair:3   | Found a sacrificial altar of Ru.
  6686 | Lair:4   | Reached skill level 16 in Dodging
  6744 | Lair:4   | Found a staircase to the Slime Pits.
  6744 | Lair:4   | Found a viscous altar of Jiyva.
  6767 | Lair:5   | Entered Level 5 of the Lair of Beasts
  6799 | Lair:5   | Reached skill level 17 in Dodging
  6877 | Lair:5   | Reached skill level 18 in Dodging
  6976 | Lair:5   | Reached skill level 19 in Dodging
  7003 | Lair:5   | Reached XP level 16. HP: 120/120 MP: 27/33
  7706 | Lair:3   | Found a hole to the Spider Nest.
  7714 | Spider:1 | Entered Level 1 of the Spider Nest
  7870 | Spider:1 | Reached XP level 17. HP: 85/129 MP: 3/36
  8051 | Spider:2 | Got the Almanac of the Putrid Brume
  8134 | Spider:2 | Found a transporter.
  8135 | Spider:2 | Found a transporter.
  8135 | Spider:2 | Noticed 0gre's ghost (journeyman GnIE)
  8180 | Spider:3 | Noticed Arachne
  8252 | Spider:2 | Reached skill level 15 in Spellcasting
  8444 | Spider:3 | Killed Arachne
  8586 | Spider:4 | Entered Level 4 of the Spider Nest
  8646 | Spider:4 | Gained mutation: You passively map a large area around you.
                  | [Meteoran growth]
  8646 | Spider:4 | Reached XP level 18. HP: 96/138 MP: 2/38
  8792 | Spider:4 | HP: 5/138 [wolf spider[a broodmother] (5)]
  8792 | Spider:4 | Slain by a tarantella

Illustrated notes

Levels and vault maps discovered:
D:1:      dpeg_arrival_solitude, layout_basic, hellmonk_ecumenical_altar_run_dry
D:2:      layout_basic, basic_altar
D:3:      minmay_wonky_spiral, layout_loops_cross, amcnicky_altar_gilded,
          lemuel_doored_altar, nicolae_overflow_squiral
D:4:      layout_rooms, general_overflow_altar, minmay_temple_entry_large_hall,
          portal_sewer_entry_f, serial_shops, nicolae_shop_trees
D:5:      layout_rooms, nemelex_altar_shiori, nicolae_shop_self_help, uniq_pikel
D:6:      layout_loops_ring, grunt_temple_overflow_open, enter_ossuary_5,
          serial_shops, nicolae_shop_bloodbath_and_beyond, uniq_duvessa
D:7:      layout_loops_corners, sigmund_edmund_badplayer
D:8:      layout_gridville, uniq_grum
D:9:      layout_grid_maze, lemuel_round_altar
D:10:     layout_rooms, dpeg_lair_monsters, serial_rivers,
          chequers_serial_rivers_micro_d, chequers_serial_rivers_micro_b,
          chequers_serial_rivers_marsh, chequers_serial_rivers_micro_e,
          enter_bailey_6, gammafunk_ghost_grave, minmay_gold_behind_fungi,
          guppyfry_shop_venom, uniq_erica, uniq_maurice, uniq_sonja
D:11:     layout_cave_pods, david_orc_2
D:12:     layout_roguey, serial_shops, nicolae_shop_hallway_plus,
          lemuel_zombie_altar_yredelemnul, uniq_azrael, uniq_kirke
D:13:     layout_rooms, hangedman_vaults_entry_quadrant_bands,
          portal_ice_cave_demonic_guard, kennysheep_generic_room_15, uniq_nessos
Lair:1:   layout_cave_pods, nicolae_volcano_entry_batcave,
          infiniplex_staircase_pool_2
Lair:2:   layout_regular_city, uniq_fannar
Lair:3:   layout_long_grid, minmay_swamp_entry_worms,
          hellmonk_spider_entry_life_and_decay, basic_altar, serial_forest,
          infiniplex_forest_end_2, infiniplex_forest_clump_diagonal,
          infiniplex_forest_end_double, infiniplex_forest_lined_3,
          infiniplex_forest_3_way, infiniplex_forest_join,
          infiniplex_forest_side_room, infiniplex_forest_lined_3_way
Lair:4:   lemuel_reptile_caves, layout_regular_city,
          nicolae_slime_entry_slimehenge, bobbens_ice_dragon_lair,
          grunt_megastairs_1
Lair:5:   hangedman_lair_in_review, layout_long_grid,
          hangedman_lair_caniforms_friends, lemuel_fruit_tree
Spider:1: layout_spider_delve
Spider:2: layout_spider_delve, gammafunk_ghost_arena, nicolae_spider_cling_halls
Spider:3: layout_spider_delve, drop_trap, uniq_arachne
Spider:4: grunt_spider_rune_parallel
Orc:1:    layout_caves

Skill      XL: |  1  2  3  4  5  6  7  8  9 10 11 12 13 14 15 16 17 |
---------------+----------------------------------------------------+-----
Fighting       | 2 3 4 5 6 7 8 10 11 12 | 12.0
Earth Magic    | 4 5 7 9 12 13 15 17 | 17.8
Armour         | 2 3 4 5 7 8 9 10 11 12 | 12.0
Spellcasting   | 3 4 5 7 9 10 12 14 15 | 15.3
Transmutations | 2 3 5 |  5.0
Dodging        | 3 4 5 7 8 9 11 19 | 19.0
Invocations    | 1 3 4 |  4.0
Evocations     | 3 5 6 |  6.0
Shields        | 3 5 7 8 9 10 11 12 | 12.0
Conjurations   | 4 5 |  5.0
Stealth        | |  1.4

Action                   |  1- 3 |  4- 6 |  7- 9 | 10-12 | 13-15 | 16-18 || total
-------------------------+-------+-------+-------+-------+-------+-------++-------
Melee: Quarterstaff      |     8 |    22 |     4 |       |       |       ||    34
       Short sword       |       |       |       |    78 |    33 |    83 ||   194
Throw: Dart              |       |       |       |     4 |     7 |     1 ||    12
 Cast: Sandblast         |    41 |    52 |    78 |    59 |   117 |   227 ||   574
       Passwall          |     5 |     1 |     2 |    20 |    11 |     6 ||    45
       Stone Arrow       |       |     7 |    19 |    29 |    87 |    28 ||   170
       Lee's Rapid Decon |       |       |     4 |    28 |    90 |    90 ||   212
       Iron Shot         |       |       |       |       |    11 |    32 ||    43
       Petrify           |       |       |       |       |       |     3 ||     3
Invok: Recall Ancestor   |       |       |     1 |    17 |    13 |     9 ||    40
       Ancestor Life: Ba |       |       |     1 |       |       |       ||     1
       Idealise          |       |       |       |       |     1 |     7 ||     8
Evoke: Wand              |       |       |       |     4 |     5 |    18 ||    27
       Box of beasts     |       |       |       |       |       |     1 ||     1
  Use: Scroll            |       |     4 |     8 |     2 |     6 |     6 ||    26
       Potion            |       |       |       |     1 |     2 |     7 ||    10
 Stab: Distracted        |       |       |       |     1 |     1 |     4 ||     6
Armor: Robe              |    13 |    24 |    42 |    22 |    58 |    26 ||   185
       Ring mail         |       |       |       |       |    15 |   101 ||   116
Dodge: Dodged            |    16 |    35 |    58 |    82 |   193 |   483 ||   867
Block: Buckler           |       |       |     1 |    35 |   223 |   471 ||   730
       Reflection        |       |       |       |       |     9 |     3 ||    12
